Map: Blackpink LE

Players

JohnSnow - Winner!

  • Race: Terran Terran
  • Spawn Location: 1:00

A.I. 1 (Harder)

  • Race: Zerg Zerg
  • Spawn Location: 7:00

VOD

Have the link to the VOD?

Description

Time

  • Played on: Jan. 15, 2018, 2:32 p.m.
  • Length: 21:33
Show
View Real Time Build Order
Export as new Build Order

JohnSnow Terran - Winner!

Build Orders: MMM Bio 

Get SALT Encoding   

  12  0:02  SCV  
  13  0:14  SCV  
  14  0:18  Supply Depot  
  14  0:26  SCV  
  15  0:43  Barracks  
  15  0:53  SCV  
  16  1:05  SCV  
  16  1:10  Refinery  
  17  1:17  SCV  
  18  1:45  Command Center  
  18  2:00  Barracks Reactor, Barracks  
  18  2:10  Refinery  
  18  2:11  Orbital Command  
  18  2:39  Marine x2  
  20  2:49  SCV  
  21  3:00  Factory  
  21  3:01  SCV  
  22  3:10  Supply Depot  
  22  3:16  Orbital Command  
  22  3:18  SCV  
  23  3:21  Marine  
  23  3:22  Marine  
  23  3:26  Barracks Tech Lab  
  25  3:30  SCV  
  25  3:34  Supply Depot  
  26  3:40  Refinery  
  26  3:42  SCV  
  27  3:52  SCV  
  27  3:54  SCV  
  29  3:59  Bunker  
  29  4:03  Marine x3  
  29  4:04  SCV  
  29  4:06  SCV  
  29  4:08  Stimpack  
  34  4:13  Starport  
  34  4:16  SCV  
  35  4:20  Marine  
  36  4:25  SCV  
  36  4:26  Factory Reactor  
  36  4:28  SCV  
  38  4:37  SCV, Supply Depot  
  39  4:39  Marine x3  
  39  4:40  SCV  
  43  4:49  SCV  
  43  4:52  SCV  
  45  4:57  Marine x2  
  47  5:14  Supply Depot  
  47  5:22  Medivac  
  47  5:23  Medivac  
  51  5:31  Supply Depot  
  51  5:38  SCV x2  
  51  5:39  Refinery  
  53  5:43  Marine x2  
  53  5:44  Marine  
  56  5:50  SCV x2  
  58  6:02  SCV, Marauder  
  61  6:06  Command Center  
  61  6:08  SCV  
  62  6:14  SCV  
  63  6:20  SCV  
  63  6:22  Factory Tech Lab  
  63  6:23  Engineering Bay  
  63  6:24  Marauder  
  66  6:31  Medivac  
  66  6:32  Medivac  
  70  6:34  Marine x2  
  72  6:45  Marauder  
  74  6:48  Combat Shields  
  74  6:56  Armory  
  74  7:01  Barracks  
  74  7:06  Marauder  
  76  7:15  SCV  
  76  7:17  Siege Tank  
  80  7:25  SCV x2  
  80  7:28  SCV  
  83  7:30  Marine x3  
  83  7:34  Medivac x2  
  83  7:37  SCV x2  
  91  7:40  SCV  
  93  7:49  Barracks  
  93  7:53  Supply Depot  
  93  7:57  Supply Depot  
  93  8:14  Marine x2  
  93  8:15  SCV, Marauder, Siege Tank  
  101  8:32  Marine x2  
  101  8:33  SCV x2  
  105  8:36  Marauder, Orbital Command  
  107  8:45  SCV x2  
  109  9:03  Supply Depot  
  109  9:10  Supply Depot  
  109  9:14  Terran Vehicle Weapons Level 1  
  109  9:24  Thor, Medivac  
  109  9:25  Supply Depot  
  109  9:31  Marine x2, Marauder, Medivac  
  117  9:32  Supply Depot  
  117  9:34  Terran Infantry Armor Level 1  
  123  9:39  Refinery  
  123  9:40  Barracks Reactor  
  123  9:42  Barracks Reactor  
  123  9:49  Marine x2  
  125  10:06  Unknown  
  117  10:07  Thor  
  117  10:11  Unknown  
  122  10:34  Marine x2  
  122  10:35  Marine x5  
  127  10:39  Medivac x2  
  133  10:43  SCV x3  
  136  10:50  Siege Tank  
  136  10:52  Marine  
  136  10:55  SCV  
  141  11:09  Terran Vehicle And Ship Armor Level 1  
  141  11:22  Supply Depot  
  141  11:40  SCV x2  
  141  11:43  SCV, Siege Tank  
  141  11:44  Supply Depot  
  139  12:05  SCV x2  
  139  12:06  SCV  
  139  12:07  Supply Depot  
  139  12:08  Marine x6  
  144  12:09  Marine  
  144  12:12  Medivac x2  
  156  12:15  Siege Tank  
  156  12:17  SCV  
  157  12:29  SCV x2, Marauder  
  162  12:40  Supply Depot  
  162  12:42  Medivac  
  162  12:47  Siege Tank  
  162  12:50  SCV, Terran Infantry Weapons Level 1  
  164  12:59  Marauder  
  164  13:02  Terran Vehicle Weapons Level 2  
  164  13:03  Supply Depot, Unknown  
  143  13:06  Unknown  
  124  13:13  Unknown  
  124  13:19  Siege Tank  
  112  13:20  Marauder  
  112  13:21  Marine x2  
  112  13:22  Marine x4  
  112  13:26  Medivac x2  
  116  13:27  Supply Depot  
  116  13:32  SCV x3  
  119  13:40  Unknown  
  119  13:42  Marauder  
  119  13:43  Unknown  
  119  13:44  SCV  
  119  13:48  Barracks  
  122  13:52  Siege Tank  
  125  14:03  Marauder  
  127  14:10  Refinery  
  127  14:14  Marine x5  
  127  14:15  Marine  
  133  14:17  Medivac x2  
  133  14:24  Marauder, Siege Tank  
  140  14:27  SCV x3  
  145  14:37  Barracks Reactor, Barracks  
  145  14:39  Marine x2, SCV x3  
  145  14:40  Marine x4  
  145  14:43  Terran Infantry Armor Level 2  
  154  14:46  Marauder  
  154  14:47  Medivac  
  158  14:55  Factory  
  158  14:56  Siege Tank  
  158  14:57  Marine x2  
  163  15:07  Marauder  
  165  15:15  Marine  
  165  15:16  Marine x6  
  165  15:17  Marine  
  165  15:18  Terran Vehicle And Ship Armor Level 2  
  170  15:21  Unknown  
  170  15:28  Siege Tank  
  168  15:29  Marauder  
  168  15:32  Unknown  
  168  15:33  Marine x2  
  172  15:40  Unknown  
  170  15:44  Unknown  
  170  15:49  Marine x2  
  171  15:50  Marine x4  
  171  15:51  Marine x2  
  171  15:54  Medivac  
  171  15:55  Medivac  
  182  16:00  Siege Tank  
  183  16:10  Marine x2  
  185  16:16  Factory Tech Lab  
  185  16:21  Supply Depot  
  185  16:22  Starport  
  185  16:24  Medivac  
  185  16:25  SCV x2  
  189  16:26  Medivac  
  189  16:27  Marine  
  189  16:28  Marine  
  189  16:32  Siege Tank  
  189  16:42  Marine  
  189  16:43  Marine x5  
  189  16:44  Marine x2  
  189  16:45  Marine x2  
  196  16:54  Unknown  
  196  16:57  Unknown  
  196  16:59  Terran Infantry Weapons Level 2  
  196  17:00  Unknown  
  196  17:10  Supply Depot  
  196  17:12  Starport Tech Lab  
  196  17:15  Marine  
  197  17:25  Marine x3  
  197  17:26  Marine x4  
  197  17:27  Unknown  
  197  17:32  Marine, Medivac  
  197  17:33  Marine, Siege Tank  
  200  18:12  Unknown  
  200  18:17  Medivac  
  199  18:20  Marine  
  199  18:21  Marine x2  
  200  18:29  Siege Tank  
  197  18:41  Marine x3, Unknown  
  200  18:54  Unknown  
  198  19:01  Siege Tank  
  194  19:33  Siege Tank  
  193  19:46  Unknown  
  193  19:56  Marine x3  
  193  19:57  Marine x4  
  200  20:23  Unknown  
  200  20:30  Unknown  
  200  20:35  Unknown  
Show
View Real Time Build Order
Export as new Build Order

A.I. 1 (Harder) Zerg 

Build Orders: Hatch First, Muta Ling Bane 

Get SALT Encoding   

  12  0:00  Drone  
  13  0:12  Overlord  
  13  0:17  Drone  
  14  0:30  Drone x2  
  14  0:34  Drone  
  17  0:54  Hatchery  
  17  0:55  Drone  
  17  1:10  Spawning Pool  
  16  1:11  Drone  
  16  1:15  Drone  
  16  1:18  Extractor  
  17  1:20  Drone  
  18  1:27  Overlord  
  18  1:38  Drone  
  19  1:57  Queen  
  19  1:59  Zergling x4  
  23  2:03  Roach Warren  
  23  2:04  Extractor  
  23  2:06  Drone  
  22  2:14  Baneling Nest  
  21  2:19  Drone  
  22  2:23  Drone  
  22  2:26  Zergling x2  
  24  2:30  Zergling x2  
  24  2:36  Drone  
  26  2:46  Zergling x2  
  27  2:57  Overlord  
  27  2:58  Roach  
  29  3:10  Roach  
  31  3:13  Drone  
  31  3:16  Drone  
  31  3:19  Drone  
  34  3:23  Roach  
  34  3:26  Overlord  
  36  3:30  Drone  
  36  3:33  Drone  
  38  3:35  Lair  
  38  3:36  Baneling  
  38  3:51  Drone  
  38  3:53  Drone  
  40  3:57  Drone  
  40  4:00  Drone  
  40  4:02  Drone  
  43  4:06  Roach  
  45  4:11  Overlord  
  45  4:18  Roach  
  47  4:31  Roach  
  49  4:32  Overlord  
  49  4:34  Hydralisk Den  
  49  4:35  Drone  
  49  4:42  Drone  
  49  4:44  Infestation Pit  
  49  4:50  Extractor, Drone  
  49  4:52  Drone  
  50  4:55  Drone  
  50  4:57  Drone  
  52  5:01  Overlord  
  52  5:04  Drone, Hydralisk  
  52  5:07  Drone  
  56  5:11  Drone x2  
  56  5:13  Drone  
  59  5:15  Drone  
  59  5:16  Hydralisk  
  62  5:21  Drone  
  62  5:26  Overlord  
  62  5:27  Metabolic Boost  
  63  5:31  Hydralisk  
  63  5:35  Evolution Chamber  
  64  5:37  Drone  
  65  5:43  Drone  
  65  5:44  Drone, Swarm Host  
  65  5:46  Drone  
  71  5:50  Drone  
  71  5:53  Drone  
  73  6:00  Zerg Missile Weapons Level 1, Burrow  
  73  6:01  Drone  
  74  6:04  Drone  
  75  6:11  Extractor, Overlord  
  75  6:14  Roach  
  75  6:15  Drone x2  
  75  6:17  Drone  
  79  6:23  Drone  
  80  6:27  Roach  
  82  6:33  Overlord  
  82  6:36  Drone  
  83  6:44  Drone  
  83  6:47  Roach  
  86  6:52  Spore Crawler, Overlord, Drone  
  86  6:58  Hydralisk  
  86  6:59  Spore Crawler  
  87  7:01  Spore Crawler  
  87  7:03  Drone, Overseer  
  87  7:04  Spore Crawler, Overseer  
  87  7:05  Drone  
  87  7:09  Queen  
  87  7:10  Hydralisk  
  87  7:12  Overlord  
  91  7:17  Queen  
  91  7:22  Hydralisk, Spine Crawler  
  92  7:23  Drone  
  92  7:25  Spine Crawler  
  92  7:27  Drone  
  95  7:32  Overlord, Spine Crawler  
  95  7:34  Drone  
  95  7:35  Swarm Host  
  98  7:40  Drone, Spine Crawler  
  98  7:47  Roach  
  98  7:48  Spire  
  98  7:49  Drone  
  98  7:50  Evolution Chamber  
  98  7:51  Drone  
  100  7:55  Zerg Ground Armor Level 1  
  100  8:00  Roach  
  102  8:12  Roach  
  104  8:16  Zerg Melee Weapons Level 1  
  104  8:27  Overlord, Overseer  
  104  9:23  Mutalisk x4  
  104  9:24  Overlord, Zergling x2  
  109  9:25  Mutalisk x2, Zergling x12  
  109  9:26  Mutalisk  
  109  9:27  Hatchery  
  109  9:28  Pneumatized Carapace  
  124  9:41  Baneling x2  
  124  9:42  Overlord, Baneling, Zergling x2  
  124  9:43  Mutalisk, Zergling x2  
  124  9:44  Baneling x2, Zergling x2  
  129  9:50  Centrifical Hooks  
  129  9:51  Zerg Ground Armor Level 2  
  129  9:54  Overseer  
  129  9:57  Zergling x2  
  129  9:58  Zergling x2  
  129  9:59  Zergling x4  
  128  10:02  Overlord  
  114  10:08  Baneling, Zergling x2  
  114  10:09  Zerg Missile Weapons Level 2  
  99  10:16  Zerg Flyer Weapons Level 1  
  99  10:39  Drone x2, Queen  
  99  10:40  Drone x3  
  99  10:41  Drone x2  
  108  10:52  Extractor  
  108  10:53  Drone  
  108  10:54  Spore Crawler, Drone  
  108  10:56  Spore Crawler  
  107  10:57  Extractor, Drone x2  
  108  11:14  Drone  
  108  11:16  Hive  
  109  11:19  Drone x2  
  109  11:20  Spine Crawler  
  109  11:21  Drone  
  109  11:23  Drone, Spine Crawler  
  111  11:42  Queen  
  110  12:07  Zerg Melee Weapons Level 2  
  110  12:10  Zerg Flyer Armor Level 1  
  110  12:30  Drone, Ultralisk Cavern  
  110  12:35  Corruptor  
  112  12:39  Hydralisk  
  114  12:44  Infestor  
  114  12:45  Hatchery  
  114  12:49  Roach  
  115  12:53  Hydralisk  
  115  12:57  Hydralisk  
  116  13:02  Infestor  
  115  13:06  Infestor  
  115  13:10  Hydralisk  
  105  13:15  Roach  
  105  13:16  Viper  
  103  13:20  Roach  
  103  13:25  Pathogen Glands  
  103  13:38  Adrenal Glands  
  103  13:58  Drone, Queen  
  106  14:09  Zerg Ground Armor Level 3  
  106  14:11  Greater Spire  
  106  14:13  Extractor  
  106  14:14  Drone  
  106  14:16  Spore Crawler  
  106  14:17  Drone  
  106  14:23  Zerg Missile Weapons Level 3  
  106  14:27  Spore Crawler  
  106  14:28  Drone  
  106  14:29  Extractor  
  106  14:31  Drone  
  106  15:09  Spine Crawler  
  106  15:10  Drone  
  106  15:12  Spine Crawler  
  106  15:13  Drone  
  101  15:21  Zergling x2  
  101  15:22  Zerg Flyer Armor Level 2  
  101  15:26  Roach  
  101  15:27  Drone  
  87  15:30  Roach  
  87  15:34  Hydralisk  
  89  15:38  Hydralisk  
  89  15:42  Hydralisk  
  91  15:47  Hydralisk  
  91  15:48  Spire  
  84  15:50  Drone  
  84  15:51  Roach  
  84  15:55  Infestor  
  89  15:59  Zergling x2  
  89  16:02  Corruptor  
  92  16:06  Lurker Den, Ravager  
  92  16:07  Drone  
  92  16:11  Roach  
  98  16:14  Roach  
  98  16:18  Roach  
  102  16:19  Lair  
  102  16:22  Roach  
  102  16:25  Hydralisk  
  101  16:28  Hydralisk  
  101  16:31  Overlord  
  93  16:32  Zergling x2  
  93  16:33  Overseer  
  93  16:35  Hydralisk  
  92  16:40  Roach  
  92  16:43  Roach  
  92  16:46  Zerg Melee Weapons Level 3, Hydralisk, Overseer  
  92  16:50  Hydralisk  
  92  16:51  Overlord  
  92  16:52  Glial Reconstitution  
  92  16:54  Hydralisk  
  96  16:57  Swarm Host  
  96  17:00  Zerg Flyer Weapons Level 2  
  101  17:01  Ravager  
  101  17:02  Roach  
  101  17:03  Overseer  
  101  17:06  Roach  
  106  17:09  Overlord x2, Roach  
  108  17:20  Zergling x2  
  106  17:24  Hydralisk  
  106  17:28  Roach  
  94  17:32  Roach  
  94  17:36  Roach  
  93  17:38  Hydralisk  
  93  17:40  Zerg Flyer Armor Level 3  
  93  17:42  Hydralisk  
  97  17:46  Hydralisk  
  97  17:47  Overseer  
  97  17:50  Lurker, Hydralisk, Hatchery  
  97  17:51  Drone  
  102  17:53  Drone, Queen x2  
  102  17:54  Hydralisk, Ravager x2  
  102  17:55  Ravager  
  107  17:59  Roach  
  107  18:01  Drone x2  
  107  18:02  Roach  
  111  18:06  Roach  
  111  18:08  Drone  
  111  18:09  Drone  
  111  18:11  Tunneling Claws  
  111  18:12  Drone, Zergling x2  
  112  18:13  Spore Crawler  
  112  18:14  Overlord  
  112  18:15  Drone, Hydralisk  
  112  18:16  Drone  
  112  18:18  Overseer  
  112  18:19  Hydralisk  
  93  18:23  Roach  
  93  18:26  Drone  
  82  18:27  Drone, Roach, Overseer  
  82  18:28  Drone  
  82  18:30  Hydralisk  
  82  18:33  Overlord  
  73  18:34  Roach  
  73  18:35  Drone x2  
  73  18:36  Drone x4  
  73  18:37  Drone x4, Swarm Host  
  73  18:38  Drone x3, Queen  
  73  18:39  Drone x3  
  73  18:40  Drone  
  73  18:41  Hydralisk  
  74  18:42  Drone  
  74  18:45  Roach, Ravager  
  74  18:47  Overseer  
  74  18:49  Roach, Zergling x4  
  74  18:50  Zergling x2  
  74  18:51  Overlord, Zergling x2  
  74  18:52  Hydralisk, Zergling x2  
  74  18:55  Drone x2, Zergling x2  
  77  18:56  Drone x3, Hydralisk x2  
  77  18:57  Drone x2  
  77  18:58  Spine Crawler  
  77  19:00  Hatchery  
  77  19:01  Hydralisk  
  77  19:02  Spine Crawler  
  61  19:03  Drone x2  
  61  19:04  Drone  
  61  19:06  Drone  
  61  19:07  Zergling x2  
  55  19:12  Hydralisk  
  46  19:17  Roach, Hydralisk  
  46  19:23  Extractor  
  46  19:24  Zergling x2  
  42  19:28  Hydralisk, Zergling x2  
  42  19:31  Hydralisk, Zergling x2  
  36  19:32  Roach  
  36  19:38  Hydralisk  
  40  19:40  Hydralisk  
  40  19:41  Zergling x2  
  40  19:44  Hydralisk  
  40  19:50  Drone  
  29  19:54  Ravager  
  29  19:56  Roach  
  23  20:11  Drone  
  23  20:12  Drone  
  14  20:34  Drone  
  7  20:40  Drone  
  7  20:50  Drone  
  6  21:00  Drone  
  7  21:10  Drone x2  
  8  21:25  Spawning Pool  
Tags
 
Add a new tag
Caveats
  • Supply blocks, unpowered buildings, or Contaminate may cause inaccurate times.
  • Supply counts are checked every 10 seconds.